 Dungeon Crawl Stone Soup version 0.18.1-8-gdd0e5ea (webtiles) character file.

56 M4edhros the Sneak (level 3, 0/23 HPs)
             Began as an Octopode Artificer on June 11, 2016.
             Slain by an ogre
             ... wielding a +0 giant spiked club
              (23 damage)
             ... on level 4 of the Dungeon.
             The game lasted 00:01:54 (1240 turns).

M4edhros the Sneak (Octopode Artificer)             Turns: 1240, Time: 00:01:55

Health: 0/23       AC:  1    Str:  7 (10) XL:     3   Next: 95%
Magic:  5/5        EV: 12    Int: 13 (14) God:
Gold:   98         SH:  0    Dex: 13      Spells: 0 memorised, 2 levels left

rFire  . . .     SeeInvis .     g - +3 trident (pierce)
rCold  . . .     Gourm    .     (no shield)
rNeg   . . .     Faith    .     (helmet restricted)
rPois  .         Spirit   .     (no amulet)
rElec  .         Dismiss  .     (no ring)
rCorr  .         Reflect  .     (no ring)
SustAt .         Harm     .     (no ring)
MR     .....                    (no ring)
Stlth  ++++......               (no ring)
                                (no ring)
                                (no ring)
                                (no ring)

@: not resistant to hostile enchantments, stealthy
A: almost no armour, amphibious, 8 rings, constrict 8, camouflage 1, gelatinous
body 1
a: no special abilities


You were on level 4 of the Dungeon.
You were hungry.

You visited 1 branch of the dungeon, and saw 4 of its levels.

You collected 98 gold pieces.

Inventory:

Hand Weapons
 a - a +0 short sword
 g - a +3 trident of piercing (weapon)
Wands
 b - a wand of flame (9/48)
 c - a wand of enslavement (11/24)
 d - a wand of random effects (13/48)
Scrolls
 e - a scroll of remove curse {unknown}
 i - a scroll of immolation {unknown}
 j - a scroll of identify {unknown}
 k - a scroll of noise {unknown}
Potions
 h - a potion of might {unknown}
Comestibles
 f - 3 bread rations
 l - a meat ration
 m - 2 slices of pizza
 n - a beef jerky


   Skills:
 - Level 1.0 Fighting
 - Level 1.0 Short Blades
 * Level 0.2 Polearms
 - Level 2.0 Dodging
 + Level 5.2 Stealth
 - Level 3.2 Evocations


You had 2 spell levels left.
You didn't know any spells.

Dungeon Overview and Level Annotations

Branches:
Dungeon (4/15)
 Temple: D:4-7

Altars:
Nemelex Xobeh
Pakellas
The Shining One


Innate Abilities, Weirdness & Mutations

You cannot wear most types of armour.
You are amphibious.
You can wear up to eight rings at the same time.
You can use your tentacles to constrict eight enemies at once.
Your skin changes colour to match your surroundings (Stealth).
Your rubbery body absorbs attacks (AC +1).


Message History

The helpless ogre fails to defend itself.
You puncture the ogre!
The ogre is heavily wounded.
Evoke which item? (* to show all) (? for menu, Esc to quit)
Zapping:
b - a wand of flame (11/48)
Press: ? - help, Shift-Dir - straight line, f/p - ogre
Aim: an ogre, wielding a giant spiked club (heavily wounded)
The puff of flame hits the ogre.
The ogre is heavily wounded.
This wand has 10 charges left.
The ogre misses you.
Evoke which item? (* to show all) (? for menu, Esc to quit)
Zapping:
b - a wand of flame (10/48)
Press: ? - help, Shift-Dir - straight line, f/p - ogre
Aim: an ogre, wielding a giant spiked club (heavily wounded)
The puff of flame hits the ogre.
The ogre is severely wounded.
This wand has 9 charges left.
The ogre hits you with a giant spiked club!!
Ouch! That really hurt!
You die...

####§###...###§####
########...########
#######'''######
##...# #..### ..
###.#### ..#
#......# ######?.#
#......####......#
#........@O......#
######.####..!...#
#........<..^#≈
#..######+#.#≈.
#†.######.# # ≈
#.........#
#..........#
#..#####...# #..#
..#


You could see an ogre.

Vanquished Creatures
  An orc wizard (D:4)
  A giant gecko (D:4)
  7 orcs
  2 bats (D:1)
  A giant cockroach (D:4)
  A goblin (D:1)
  2 jackals (D:1)
  A giant newt (D:4)
  A kobold (D:1)
  A rat (D:1)
18 creatures vanquished.

Vanquished Creatures (collateral kills)
  2 orcs (D:4)
2 creatures vanquished.

Vanquished Creatures (others)
  An orc wizard (D:4)
1 creature vanquished.

Grand Total: 21 creatures vanquished

Notes
Turn   | Place    | Note
--------------------------------------------------------------
     0 | D:1      | M4edhros the Octopode Artificer began the quest for the Orb.
     0 | D:1      | Reached XP level 1. HP: 13/13 MP: 3/3
    77 | D:1      | Reached skill level 2 in Stealth
   146 | D:1      | Reached XP level 2. HP: 15/18 MP: 4/4
   165 | D:1      | Reached skill level 3 in Stealth
   447 | D:3      | Found an oddly glowing altar of Pakellas.
   447 | D:3      | Noticed a brown ugly thing
   658 | D:4      | Found a glowing golden altar of the Shining One.
   672 | D:4      | Reached skill level 4 in Stealth
   675 | D:4      | Reached XP level 3. HP: 16/23 MP: 5/5
   688 | D:4      | Reached skill level 5 in Stealth
  1191 | D:4      | Found a sparkling altar of Nemelex Xobeh.
  1231 | D:4      | Noticed an ogre
  1240 | D:4      | Slain by an ogre

Skill      XL: |  1  2  3 |
---------------+----------+-----
Stealth        | 2 4 5 |  5.2
Fighting       | |  1.0
Short Blades   | |  1.0
Polearms       | |  0.2
Dodging        | |  2.0
Evocations     | |  3.2

Action                   || total
-------------------------++-------
Melee: Short sword       ||    29
       Constrict         ||     9
       Tentacles         ||     4
       Trident           ||     4
Evoke: Wand              ||    12
  Use: Potion            ||     2
 Stab: Sleeping          ||     6
Armor: Skin              ||     2
Dodge: Dodged            ||    16
